 Dungeon Crawl Stone Soup version 0.27.1-3-gb3d3a73c9e (webtiles) character file.

Game seed: 6115155046779154190

3163 earthworldpsion the Shield-Bearer (level 9, 0/118 HPs)
             Began as a Minotaur Berserker on Oct 19, 2021.
             Was an Elder of Trog.
             Slain by an eight-headed hydra (9 damage)
             ... on level 7 of the Dungeon.
             The game lasted 00:27:41 (7023 turns).

earthworldpsion the Shield-Bearer (MiBe)            Turns: 7023, Time: 00:27:41

Health: 0/118      AC: 12    Str: 25    XL:     9   Next: 63%
Magic:  8/8        EV: 11    Int:  4    God:    Trog [****..]
Gold:   160        SH: 16    Dex: 10    Spells: 8/8 levels left

rFire    . . .     SeeInvis .   z - +4 trident (venom)
rCold    + . .     Faith    .   q - +0 kite shield
rNeg     . . .     Spirit   .   G - +2 ring mail {rC+}
rPois    .         Reflect  +   (helmet restricted)
rElec    .         Harm     .   (no cloak)
rCorr    .         Rampage  .   (no gloves)
Will     +....                  (no boots)
Stlth    ..........             l - amulet of reflection
HPRegen  0.29/turn              x - +4 ring of protection
MPRegen  0.11/turn              I - ring of willpower

@: berserking, very quick
A: horns 2, retaliatory headbutt
a: Renounce Religion, Berserk, Trog's Hand, Brothers in Arms


You were on level 7 of the Dungeon.
You worshipped Trog.
Trog was greatly pleased with you.
You visited 1 branch of the dungeon, and saw 7 of its levels.

You collected 384 gold pieces.
You spent 224 gold pieces at shops.

Inventory:

Hand Weapons
 a - a +0 mace
 k - a +2 dagger of draining
 t - a +3 short sword
 z - a +4 trident of venom (weapon)
Missiles
 u - 32 poisoned darts (quivered)
 C - 2 throwing nets
Armour
 b - a +0 animal skin
 c - a +0 robe
 d - a +0 ring mail
 f - a +3 leather armour
 q - a +0 kite shield (worn)
 G - a +2 ring mail of cold resistance (worn)
Jewellery
 l - an amulet of reflection (around neck)
 x - a +4 ring of protection (left hand)
 I - a ring of willpower (right hand)
Wands
 F - a wand of iceblast (2)
Scrolls
 e - 2 scrolls of noise {unknown}
 h - a scroll of acquirement {unknown}
 i - 3 scrolls of blinking
 m - a scroll of teleportation
 o - 2 scrolls of enchant armour {unknown}
 p - 2 scrolls of silence {unknown}
 y - a scroll of amnesia {unknown}
 A - a scroll of magic mapping {unknown}
 B - a scroll of fog {unknown}
 D - a scroll of identify
 H - a scroll of fear {unknown}
Potions
 g - 4 potions of brilliance {unknown}
 j - a potion of berserk rage {unknown}
 n - 3 potions of flight {unknown}
 r - a potion of degeneration {unknown}
 s - a potion of lignification {unknown}
 w - a potion of might {unknown}
 E - a potion of resistance {unknown}


   Skills:
 + Level 7.1 Fighting
 + Level 4.7 Short Blades
 + Level 7.0 Maces & Flails
 * Level 5.0 Polearms
 + Level 6.4 Armour
 + Level 6.0 Dodging
 * Level 7.5 Shields


You had 8 spell levels left.
You didn't know any spells.
Your spell library was empty.

Dungeon Overview and Level Annotations

Branches:
Dungeon (7/15)
 Temple: D:4-7

Altars:
Nemelex Xobeh
Wu Jian
Zin

Shops:
D:1 =*   D:3 [   D:6 [   D:7 :


Innate Abilities, Weirdness & Mutations

You have a pair of horns on your head.
You reflexively headbutt those who attack you in melee.


Message History

You block the eight-headed hydra's attack.
The eight-headed hydra bites you but does no damage. x2
Things that are here:
a +0 trident; a +0 leather armour; an orc corpse
Items here: ) [ ††††.
A red film seems to cover your vision as you go berserk!
You feel yourself moving faster!
You feel mighty!
The eight-headed hydra barely misses you.
The eight-headed hydra closely misses you.
You block the eight-headed hydra's attack.
The eight-headed hydra bites you! The eight-headed hydra misses you.
You block the eight-headed hydra's attack.
The eight-headed hydra bites you. The eight-headed hydra bites you!
The boulder beetle stops rolling and uncurls.
You puncture the eight-headed hydra!
The eight-headed hydra is moderately wounded.
The eight-headed hydra bites you!
You block the eight-headed hydra's attack.
The eight-headed hydra bites you!
* * * LOW HITPOINT WARNING * * *
The eight-headed hydra closely misses you.
The eight-headed hydra bites you.
* * * LOW HITPOINT WARNING * * *
You block the eight-headed hydra's attack.
The eight-headed hydra bites you.
* * * LOW HITPOINT WARNING * * *
The eight-headed hydra bites you.
* * * LOW HITPOINT WARNING * * *
You hit the eight-headed hydra.
The eight-headed hydra is heavily wounded.
You block the eight-headed hydra's attack. x2
The eight-headed hydra bites you.
* * * LOW HITPOINT WARNING * * *
The eight-headed hydra bites you.
* * * LOW HITPOINT WARNING * * *
The eight-headed hydra bites you but does no damage.
The eight-headed hydra bites you!
* * * LOW HITPOINT WARNING * * *
The eight-headed hydra bites you!
You die...

#..≈≈⌠.⌠≈≈..........(<###
##.....∩.........###.....#
........≈≈⌠.⌠≈≈#########.###.#
#####...≈≈≈.≈≈≈#...........#.#
#.#+#≈≈.≈≈...#######.#.#.#
#####.#.#...).......# #.#.#.#
#...........#.......## #.#.#.#
..##....#......#'#(..# #.#.#.#
.........<#.#..#@#...###.#.#.#
..)....####.#.##D##.....>#.#.#
..............#.lB#...##.....####
........####.##.#°##..##.......(.
........# ..#..○..#..##..#######
[.......# #.####.####.##...#
#####.#.# .. .B #..#.#.## #. .#
... ##.#....# #. .# .#. #..##..#


You could see a boulder beetle, an eight-headed hydra and an iguana.

Vanquished Creatures
  Pikel (D:4)
  A hornet (D:6)
  Eustachio (D:4)
  A wyvern (D:7)
  3 vampire mosquitoes
  2 water moccasins
  An orc warrior (D:6)
  A necrophage (D:5)
  A black bear (D:5)
  A centaur (D:5)
  3 ogres
  The ghost of earthworldpsion the Stinger, an amateur MfVM (D:3)
  2 scorpions (D:6)
  A bullfrog (D:6)
  A howler monkey (D:7)
  2 bullfrog zombies
  A centaur zombie (D:6)
  A jelly (D:5)
  Crazy Yiuf (D:6)
  2 hounds
  3 bullfrog skeletons
  2 iguanas (D:6)
  Natasha (thrice) (D:4)
  3 orc wizards
  A killer bee zombie (D:5)
  A howler monkey zombie (D:7)
  3 gnolls (D:5)
  5 adders
  A white imp (D:5)
  An adder skeleton (D:5)
  5 worms
  3 dart slugs
  20 orcs
  8 ball pythons
  3 bats
  6 endoplasms
  3 giant cockroaches
  8 goblins
  6 hobgoblins
  6 jackals
  3 frilled lizards
  13 kobolds
  3 rats
138 creatures vanquished.

Vanquished Creatures (others)
  2 plants (D:6)
2 creatures vanquished.

Grand Total: 140 creatures vanquished

Notes
Turn   | Place    | Note
-------+----------+-------------------------------------------
     0 | D:1      | earthworldpsion the Minotaur Berserker began the quest for
                  | the Orb.
     0 | D:1      | Reached XP level 1. HP: 19/19 MP: 0/0
   293 | D:1      | Reached XP level 2. HP: 25/27 MP: 1/1
   382 | D:1      | Found Woyhegoad's Jewellery Boutique.
   653 | D:1      | Found Vivun's General Store.
   666 | D:1      | Bought a scroll of identify for 28 gold pieces
  1309 | D:2      | Found a faded altar of an unknown god.
  1337 | D:2      | Reached XP level 3. HP: 29/30 MP: 2/2
  1460 | D:2      | Reached ** piety under Trog
  1650 | D:2      | Reached XP level 4. HP: 12/41 MP: 3/3
  2744 | D:3      | Reached XP level 5. HP: 47/47 MP: 4/4
  2956 | D:3      | Reached *** piety under Trog
  3041 | D:3      | Found a large runed translucent door.
  3042 | D:3      | Found a large runed translucent door.
  3047 | D:3      | Noticed earthworldpsion's ghost (amateur MfVM)
  3081 | D:3      | Killed earthworldpsion's ghost
  3082 | D:3      | Reached skill level 1 in Short Blades
  3082 | D:3      | Reached skill level 1 in Shields
  3189 | D:3      | Found an ornate altar of the Wu Jian Council.
  3338 | D:3      | Found a glowing silver altar of Zin.
  3338 | D:3      | Noticed an angel
  3462 | D:3      | Found Olihoppa's Antique Armour Shoppe.
  3608 | D:4      | Noticed an ogre
  3619 | D:4      | Killed an ogre
  3620 | D:4      | Reached skill level 5 in Fighting
  3620 | D:4      | Reached XP level 6. HP: 28/56 MP: 5/5
  3853 | D:4      | Reached skill level 5 in Maces & Flails
  3889 | D:4      | Noticed Pikel
  3909 | D:4      | Killed Pikel
  3910 | D:4      | Reached XP level 7. HP: 61/61 MP: 6/6
  3951 | D:4      | Noticed Natasha
  3960 | D:4      | Killed Natasha
  3976 | D:4      | Noticed Natasha
  3980 | D:4      | Killed Natasha
  4055 | D:4      | Noticed Natasha
  4067 | D:4      | Killed Natasha
  4068 | D:4      | Reached skill level 5 in Armour
  4157 | D:4      | Noticed Eustachio
  4227 | D:4      | Killed Eustachio
  4228 | D:4      | Reached XP level 8. HP: 51/70 MP: 7/7
  4750 | D:5      | Entered Level 5 of the Dungeon
  4835 | D:5      | Reached skill level 5 in Shields
  5015 | D:5      | Found a sparkling altar of Nemelex Xobeh.
  5302 | D:5      | Reached skill level 1 in Polearms
  5302 | D:5      | Reached skill level 5 in Dodging
  5702 | D:5      | Reached XP level 9. HP: 54/78 MP: 8/8
  5944 | D:6      | Paralysed by a hornet for 1 turns
  6146 | D:6      | Found Vakef's Antique Armour Emporium.
  6150 | D:6      | Bought a runed ring mail for 196 gold pieces
  6322 | D:6      | Found a runed translucent door.
  6323 | D:6      | Noticed Crazy Yiuf
  6330 | D:6      | Killed Crazy Yiuf
  6477 | D:6      | Reached **** piety under Trog
  6837 | D:7      | Found Zesoixuj's Self-Improvement Boutique.
  7010 | D:7      | Reached skill level 5 in Polearms
  7015 | D:7      | Noticed an eight-headed hydra
  7016 | D:7      | Noticed a boulder beetle
  7017 | D:7      | Noticed a cyclops
  7023 | D:7      | Slain by an eight-headed hydra

Illustrated notes

Levels and vault maps discovered:
D:1:      minmay_arrival_up_and_down, layout_basic, serial_shops,
          nicolae_shop_stone, nicolae_shop_waterfront, item_on_display_a
D:2:      minmay_angry_zag, layout_basic, serial_curves, eino_curves_03,
          eino_curves_01, eino_curves_04, eino_curves_02,
          dreamdust_ecumenical_altar_grove, minmay_goblin_kobold_house
D:3:      layout_basic, zin_angel, nicolae_wu_jian_immortal_techniques,
          serial_shops, nicolae_shop_statue_plus, ebering_ghost_disaster_area
D:4:      layout_basic, uniq_pikel, uniq_eustachio, uniq_natasha
D:5:      layout_basic, mainiacjoe_overflow_24_doors
D:6:      layout_cave_pools, serial_shops, nicolae_shop_behind_doors,
          grunt_ministairs_2, serial_bayou_pond_a,
          chequers_serial_rivers_micro_a, minmay_misc_feat_diagonals,
          minmay_misc_feat_chi, uniq_crazy_yiuf_cottage
D:7:      minmay_the_grid_triangle_9x9_recursive_2
          [minmay_the_grid_triangle_9x9_prize_top_heavy,
          minmay_the_grid_triangle_9x9_steps,
          minmay_the_grid_triangle_9x9_pentomino_pain,
          minmay_the_grid_triangle_9x9_alien], layout_basic,
          lemuel_crystal_altar, nicolae_uskayaw_dance_studio,
          minmay_temple_entry_statues_fountains, nicolae_shop_self_help

Skill      XL: |  1  2  3  4  5  6  7  8  9 |
---------------+----------------------------+-----
Fighting       | 4 5 6 7 |  7.1
Maces & Flails | 4 5 6 7 |  7.0
Armour         | 3 4 5 6 |  6.4
Dodging        | 3 4 5 6 |  6.0
Short Blades   | 1 2 3 4 |  4.7
Shields        | 2 4 6 7 |  7.5
Polearms       | 3 5 |  5.0

Action                   |  1- 3 |  4- 6 |  7- 9 || total
-------------------------+-------+-------+-------++-------
Melee: Mace              |    34 |       |       ||    34
       Headbutt          |    12 |    23 |    42 ||    77
       Dagger            |    39 |   133 |   107 ||   279
       Trident           |       |       |   143 ||   143
Throw: Dart              |       |     1 |    53 ||    54
Invok: Berserk           |       |       |     1 ||     1
  Use: Scroll            |       |       |     6 ||     6
 Stab: Sleeping          |       |     1 |       ||     1
Armor: Animal skin       |     2 |       |       ||     2
       Ring mail         |     1 |       |    17 ||    18
       Leather armour    |    21 |    31 |    71 ||   123
Dodge: Dodged            |    50 |    43 |    91 ||   184
Block: Other             |     9 |     5 |       ||    14
       Reflection        |     1 |     1 |     5 ||     7
       Kite shield       |       |    76 |   285 ||   361
